Map: Prion Terraces

Players

AiLillekanin (Lillekanin)

  • Race: Terran Terran
  • League: Master

Probe - Winner!

  • Race: Protoss Protoss
  • League: Master

Event: DreamHack ZOWIE Open Leipzig

VOD

Have the link to the VOD?

Description

Time

  • Played on: Jan. 22, 2016, 10:57 a.m.
  • Length: 10:21

All games in this series

Show
View Real Time Build Order
Export as new Build Order

AiLillekanin Terran 

Build Orders:  

Get SALT Encoding   

  12  0:01  SCV  
  13  0:13  Supply Depot  
  13  0:20  Refinery  
  13  0:37  Barracks  
  13  0:54  Barracks  
  13  1:00  SCV  
  14  1:12  SCV  
  15  1:24  Reaper  
  16  1:30  Orbital Command  
  16  1:41  Reaper  
  17  1:48  Supply Depot  
  17  1:56  Reaper  
  17  1:57  SCV  
  19  2:12  SCV  
  19  2:13  Reaper  
  21  2:24  SCV  
  21  2:28  Reaper  
  22  2:35  Refinery  
  22  2:36  SCV  
  23  2:45  Reaper  
  23  2:48  SCV  
  25  3:00  Command Center, Reaper  
  25  3:01  SCV  
  27  3:14  SCV  
  28  3:23  Factory  
  28  3:26  SCV, Reaper  
  29  3:38  SCV  
  30  3:45  Engineering Bay  
  30  3:50  SCV  
  31  3:56  Supply Depot  
  31  4:01  Supply Depot  
  31  4:07  Factory Tech Lab  
  31  4:12  SCV  
  31  4:13  Missile Turret  
  32  4:20  Orbital Command  
  33  4:24  SCV  
  33  4:32  Cyclone  
  33  4:36  SCV, Orbital Command  
  37  4:44  Barracks  
  37  4:48  SCV  
  37  4:52  Missile Turret  
  38  4:54  Barracks Reactor  
  38  5:00  SCV  
  38  5:04  Cyclone  
  41  5:12  SCV  
  37  5:17  Barracks Tech Lab  
  36  5:24  SCV  
  36  5:36  SCV x2, Cyclone  
  36  5:38  Bunker  
  36  5:39  Marine  
  36  5:40  Marine  
  43  5:49  SCV x2  
  43  6:01  SCV x2  
  45  6:08  Siege Tank  
  45  6:09  Marine  
  49  6:13  SCV x2  
  50  6:18  Marine x2  
  50  6:25  SCV x2  
  54  6:28  Barracks  
  54  6:31  Stimpack, Marine  
  54  6:37  SCV, Bunker  
  55  6:41  Siege Tank  
  55  6:42  Marine x2  
  55  6:46  SCV  
  61  6:55  Marine  
  61  6:59  Marine  
  61  7:00  Marauder  
  57  7:13  Marine  
  54  7:15  Marine  
  54  7:18  Marine  
  54  7:22  Marauder, Orbital Command  
  51  7:24  SCV  
  52  7:31  Marine  
  52  7:33  Marine  
  52  7:36  SCV, Marine  
  56  7:37  Bunker  
  56  7:43  Marauder  
  58  7:48  SCV, Siege Tank  
  62  7:55  Barracks Tech Lab  
  62  8:02  SCV x2  
  62  8:03  Marine x2  
  62  8:04  Marauder  
  68  8:11  Starport  
  68  8:15  SCV  
  68  8:19  Marine  
  67  8:21  Siege Tank, Marine  
  67  8:23  Marine  
  67  8:24  Marine  
  66  8:33  SCV  
  51  8:43  SCV  
  51  8:45  SCV  
  51  8:47  Marauder  
  54  8:55  SCV  
  55  8:57  SCV  
  55  9:01  Medivac  
  58  9:07  SCV  
  58  9:09  SCV  
  60  9:11  Marine x2  
  60  9:16  Marine  
  63  9:18  Marine  
  63  9:19  SCV  
  63  9:21  SCV  
  63  9:22  Marine  
  63  9:23  Refinery  
  67  9:28  Marine  
  67  9:29  Marine  
  69  9:31  SCV  
  69  9:33  SCV  
  69  9:34  Supply Depot  
  69  9:38  Supply Depot  
  70  9:40  Supply Depot  
  70  9:41  Siege Tank, Marine  
  70  9:43  SCV  
  75  9:51  Marine  
  75  9:52  Marine x2  
  77  9:54  Marine  
  77  9:56  SCV  
  77  9:59  Marine  
  75  10:05  SCV  
  75  10:06  Refinery  
Show
View Real Time Build Order
Export as new Build Order

Probe Protoss - Winner!

Build Orders: 1 Gate Expand 

Get SALT Encoding   

  12  0:01  Probe (Chrono Boost)  
  13  0:11  Probe (Chrono Boost)  
  14  0:19  Pylon  
  14  0:22  Probe (Chrono Boost)  
  15  0:37  Gateway, Probe (Chrono Boost)  
  16  0:46  Assimilator  
  16  0:48  Probe (Chrono Boost)  
  17  0:58  Probe (Chrono Boost)  
  18  1:09  Probe (Chrono Boost)  
  19  1:19  Nexus  
  19  1:22  Probe (Chrono Boost)  
  20  1:32  Cybernetics Core  
  20  1:35  Probe (Chrono Boost)  
  21  1:41  Assimilator  
  21  1:46  Probe (Chrono Boost)  
  22  1:49  Pylon  
  22  1:56  Probe (Chrono Boost)  
  22  2:09  Mothership Core (Chrono Boost)  
  24  2:16  Adept (Chrono Boost)  
  24  2:27  Probe (Chrono Boost)  
  23  2:30  Probe (Chrono Boost)  
  24  2:39  Probe (Chrono Boost)  
  24  2:43  Probe (Chrono Boost)  
  26  2:50  Adept  
  27  2:52  Probe (Chrono Boost)  
  27  2:57  Probe (Chrono Boost)  
  29  3:02  Warp Gate (Chrono Boost)  
  29  3:05  Probe (Chrono Boost)  
  30  3:10  Probe (Chrono Boost)  
  30  3:18  Stargate  
  30  3:22  Probe (Chrono Boost)  
  31  3:28  Adept (Chrono Boost)  
  31  3:29  Probe (Chrono Boost)  
  32  3:47  Probe, Gateway  
  32  3:53  Gateway  
  30  4:02  Oracle (Chrono Boost)  
  30  4:09  Stalker  
  35  4:24  Probe  
  35  4:25  Probe  
  37  4:34  Oracle (Chrono Boost)  
  37  4:35  Probe  
  41  4:40  Probe  
  42  4:45  Probe  
  43  4:52  Probe  
  43  4:56  Probe  
  45  5:04  Stalker  
  46  5:07  Probe  
  46  5:09  Pylon  
  46  5:10  Pylon  
  44  5:16  Stalker  
  46  5:25  Probe  
  46  5:27  Probe  
  46  5:28  Stalker x2  
  52  5:36  Probe  
  53  5:44  Twilight Council  
  53  5:45  Stalker  
  55  5:57  Probe  
  55  5:58  Probe  
  55  6:01  Stalker  
  55  6:02  Pylon  
  56  6:07  Stalker  
  56  6:08  Probe  
  59  6:17  Stalker  
  59  6:18  Probe x2  
  62  6:22  Pylon  
  63  6:29  Blink (Chrono Boost)  
  63  6:34  Probe  
  63  6:35  Adept x2  
  63  6:36  Probe  
  63  6:39  Assimilator  
  69  6:44  Assimilator  
  69  6:45  Probe  
  70  6:52  Probe  
  69  6:55  Probe  
  69  7:00  Stalker x2  
  69  7:01  Stalker  
  76  7:04  Probe  
  76  7:08  Probe  
  75  7:16  Probe  
  72  7:31  Robotics Facility  
  72  7:33  Adept x2  
  71  7:45  Nexus  
  71  7:49  Pylon  
  71  7:56  Pylon  
  71  7:57  Gateway  
  71  7:59  Gateway, Pylon  
  71  8:02  Pylon  
  67  8:29  Stalker x3  
  67  8:31  Warp Prism (Chrono Boost)  
  63  8:55  Stalker x2  
  67  8:58  Gateway  
  67  9:00  Adept x3  
  67  9:01  Gateway  
  73  9:09  Immortal (Chrono Boost)  
  77  9:19  Sentry x2  
  77  9:21  Adept x2  
  85  9:26  Stalker  
  86  9:41  Adept x2  
  86  9:42  Adept x2  
  86  9:43  Immortal (Chrono Boost)  
  98  10:12  Stalker x6  

Tags
 
Add a new tag
Caveats
  • Supply blocks, unpowered buildings, or Contaminate may cause inaccurate times.
  • Supply counts are checked every 10 seconds.